 Dungeon Crawl Stone Soup version 0.29-a0-982-gaed3a0c8d8 (webtiles) character file.

Game seed: 17492594529475077063

2 SLB the Chiller (level 1, 0/14 HPs)
             Began as a Draconian Ice Elementalist on Aug 2, 2022.
             Slain by an endoplasm (1 damage)
             ... on level 1 of the Dungeon.
             The game lasted 00:05:06 (271 turns).

SLB the Chiller (Draconian Ice Elementalist)         Turns: 271, Time: 00:05:06

Health: 0/14       AC:  4    Str: 10    XL:     1   Next: 33%
Magic:  3/3        EV: 12    Int: 15    God:
Gold:   14         SH:  0    Dex: 11    Spells: 3/4 levels left

rFire   + . .      SeeInvis .   (no weapon)
rCold   x . .      Faith    .   (no shield)
rNeg    . . .      Spirit   .   (body armour unavailable)
rPois   .          Reflect  .   (helmet restricted)
rElec   .          Harm     .   (no cloak)
rCorr   .          Rampage  .   (no gloves)
Will    .....                   (no boots)
Stlth   ++........              (no amulet)
HPRegen 0.04/turn               g - ring of fire
MPRegen 0.08/turn               (no ring)

@: no status effects
A: AC +4, unfitting armour, cold-blooded
a: no special abilities


You were on level 1 of the Dungeon.
You visited 1 branch of the dungeon, and saw 1 of its levels.

You collected 14 gold pieces.

Inventory:

Missiles
 b - 13 stones
Armour
 f - a +0 scale mail
 h - a +0 leather armour
Jewellery
 g - a ring of fire (left hand)
Potions
 a - a potion of magic
 c - a potion of invisibility {unknown}
 d - a potion of curing {unknown}
 e - a potion of brilliance {unknown}


   Skills:
 + Level 1.7 Dodging
 + Level 1.7 Stealth
 + Level 2.0 Spellcasting
 + Level 4.1 Ice Magic


You had 3 spell levels left.
You knew the following spells:

 Your Spells              Type           Power      Damage    Failure   Level
a - Freeze                Ice            52%        1d7       4%          1

Your spell library contained the following spells:

 Spells                   Type           Power      Damage    Failure   Level
 Frozen Ramparts          Ice            26%        1d10      12%         3
 Ozocubu's Armour         Ice            13%        N/A       12%         3
 Hailstorm                Conj/Ice       7%         3d4       67%         4


Dungeon Overview and Level Annotations

Branches:
Dungeon (1/15)

Altars:


Innate Abilities, Weirdness & Mutations

Your plain brown scales are hard. (AC +4)
You cannot fit into any form of body armour.
You are cold-blooded and may be slowed by cold attacks.


Message History

The bat hits you but does no damage. The bat misses you.
The bat hits you but does no damage. x2
You hit the bat.
You kill the bat!
The bat barely misses you. The bat hits you but does no damage.
You completely miss the bat. The bat barely misses you.
The bat hits you but does no damage.
You miss the bat. The bat hits you but does no damage.
The bat closely misses you.
An endoplasm comes into view.
The bat closely misses you.
You see here 6 stones.
b - 13 stones (gained 6)
The bat closely misses you.
Unknown command.
Unknown command.
There are monsters nearby!
Adjust (i)tems, (s)pells, or (a)bilities?
Huh?
Adjust (i)tems, (s)pells, or (a)bilities?
Huh?
A hobgoblin comes into view.
The bat hits you. The bat hits you but does no damage.
The bat closely misses you.
A bat comes into view.
The hobgoblin shouts!
The bat closely misses you.
You see here a +0 leather armour.
h - a +0 leather armour The bat hits you.
The bat hits you but does no damage. The endoplasm attacks as you move away!
The endoplasm hits you. The bat hits you.
You hit the endoplasm but do no damage. The bat hits you but does no damage.
The endoplasm freezes you.
You are frozen.
You feel a terrible chill!
* * * LOW HITPOINT WARNING * * *
You hit the endoplasm but do no damage. The bat barely misses you.
The endoplasm hits you.
You die...

#....≈≈.##.##
##......##..#
##########.#
#.## . #..#
.. ##.# ...
#.## ....
#..# ...##
####@#......
### #..gJ...#
#.# #...b.b.#
..# #.......#
#.###
#.......#
....#
#.......#
#.#.####
#####.#.#
#^.....# .#..
###.#.##
.....


You could see an endoplasm, a hobgoblin and 2 bats.

Vanquished Creatures
  2 bats (D:1)
  A rat (D:1)
  A spectral kobold (D:1)
4 creatures vanquished.

Notes
Turn   | Place    | Note
-------+----------+-------------------------------------------
     0 | D:1      | SLB the Draconian Ice Elementalist began the quest for the
                  | Orb.
     0 | D:1      | Reached XP level 1. HP: 14/14 MP: 3/3
   172 | D:1      | Found a faded altar of an unknown god.
   271 | D:1      | Slain by an endoplasm

Illustrated notes

Levels and vault maps discovered:
D:1:      roderic_chinese_lattice_arrival, layout_basic,
          dreamdust_ecumenical_altar_drowned_temple, hangedman_decor_riveting,
          minmay_misc_feat_encased, hangedman_decor_growths

Action                   || total
-------------------------++-------
Melee: Unarmed           ||    26
       Tailslap          ||     2
  Use: Potion            ||     1
Armor: Skin              ||    53
Dodge: Dodged            ||    85

Table legend: (Time is in decaauts)
 A = Elapsed time spent in this place.
 B = Non-inter-level travel time spent in this place.
 C = Inter-level travel time spent in this place.
 D = Time resting spent in this place.
 E = Time spent auto-exploring this place.
 F = Levels seen in this place.
 G = Mean time per level.
                   A        B        C        D        E       F      G
               +--------+--------+--------+--------+--------+-----+--------+
         Total |    281 |    281 |      0 |      0 |      0 |   1 |  281.0 |
       Dungeon |    281 |    281 |      0 |      0 |      0 |   1 |  281.0 |
               +--------+--------+--------+--------+--------+-----+--------+

Top non-repeatable levels by time:
     D:1: 281 daAuts
